 Dungeon Crawl Stone Soup version 0.13.0 (webtiles) character file.

1354 Chiseanne the Ducker (level 8, -13/61 (64) HPs)
             Began as a Purple Draconian Healer on Oct 12, 2013.
             Was a Believer of Elyvilon.
             Killed by divine providence
             ... invoked by an orc priest
              (14 damage)
             ... on Level 4 of the Dungeon.
             The game lasted 00:37:07 (8516 turns).

Chiseanne the Ducker (Purple Draconian Healer)      Turns: 8516, Time: 00:37:07

HP -13/61 (64)   AC  7     Str 15      XL: 8   Next:  2%
MP  11/17        EV 15     Int 12      God: Elyvilon [**....]
Gold 335         SH  8     Dex 13      Spells:  1 memorised,  6 levels left

Res.Fire  : . . .   See Invis. : .   a - +0 long sword
Res.Cold  : . . .   Warding    : .   (armour unavailable)
Life Prot.: . . .   Conserve   : .   B - +0 buckler
Res.Poison: .       Res.Corr.  : .   s - +0 wizard hat
Res.Elec. : .       Clarity    : .   (no cloak)
Sust.Abil.: . .     Spirit.Shd : .   e - +0 pair of gauntlets
Res.Mut.  : .       Stasis     : .   (no boots)
Res.Rott. : .       Flight     : .   (no amulet)
Saprovore : . . .                    (no ring)
                                     (no ring)

@: somewhat resistant to hostile enchantments, unstealthy
A: breathe power, unfitting armour, AC +6
a: Breathe Dispelling Energy, Lesser Healing, Lesser Self-Healing, Divine
Protection, Purification, Renounce Religion


You were on level 4 of the Dungeon.
You worshipped Elyvilon.
Elyvilon was pleased with you.
You were not hungry.

You visited 2 branches of the dungeon, and saw 6 of its levels.
You also visited: Sewer.

You collected 235 gold pieces.

Inventory:

Hand weapons
 a - a +0,+0 long sword (weapon)
 w - a +0 blowgun
Missiles
 p - 2 steel darts
 u - 22 poisoned needles
 x - 15 darts (quivered)
Armour
 e - a +0 pair of gauntlets (worn)
 s - a +0 wizard hat (worn)
 B - a +0 buckler (worn)
Comestibles
 d - 10 bread rations
 h - 3 meat rations
Scrolls
 c - 4 scrolls of magic mapping
 f - 3 scrolls of teleportation
 i - 7 scrolls of fog
 j - a scroll of blinking {unknown}
 k - 2 scrolls of recharging {unknown}
 n - a scroll of curse jewellery {unknown}
 o - 5 scrolls of remove curse {unknown}
 q - 4 scrolls of identify {unknown}
 r - a scroll of random uselessness {unknown}
 v - 2 scrolls of fear
 y - a scroll of curse weapon {unknown}
Potions
 b - 8 potions of curing
 l - 2 potions of resistance
 t - a potion of magic
 A - 2 potions of might
Books
 D - a book of Conjurations

   Spells                             Type                      Level
   *Magic Dart                        Conjuration                  1
   Searing Ray                        Conjuration                  2
   Dazzling Spray                     Conjuration/Hexes            3
   Iskenderun's Mystic Blast          Conjuration                  4
   Iskenderun's Battlesphere          Conjuration/Charms           4
   Fulminant Prism                    Conjuration/Hexes            5


   Skills:
 * Level 4.2 Fighting
 * Level 6.8 Dodging
 * Level 1.3 Shields
 * Level 6.2 Invocations


You had 6 spell levels left.
You knew the following spells:

 Your Spells              Type           Power        Failure   Level  Hunger
a - Magic Dart            Conj           #...         34%         1    ##.....


Dungeon Overview and Level Annotations

Branches:
Dungeon (5/27)             Temple (1/1) D:5

Altars:
Ashenzari
Cheibriados
Elyvilon
Fedhas
Kikubaaqudgha
Makhleb
Okawaru
Trog
Vehumet
Zin
the Shining One

Annotations:
D:3 hurdos' ghost, average DECj


Message History

The orc wizard blinks!
You hit the orc wizard.
The orc wizard is moderately wounded.
The orc wizard hits you with an orcish dagger.
* * * LOW HITPOINT WARNING * * *
The orc wizard closely misses you. The orc wizard closely misses you.
The orc wizard hits you with an orcish dagger.
* * * LOW HITPOINT WARNING * * *
The orc wizard hits you with an orcish dagger.
* * * LOW HITPOINT WARNING * * *
The orc wizard gestures wildly while chanting.
The orc wizard blinks!
The orc wizard casts a spell at you. The magic dart hits you!
* * * LOW HITPOINT WARNING * * *
There is a stone staircase leading up here.
The orc priest calls down the wrath of Beogh upon you.
Something smites you!
You die...

##.## #...# # #.# #.o.# # #.# #...# #
#.# #o..# # #.# #...# # #.#
#...#############
#.##############ยง.............%.
#.......<.......................
#..............@..##############
###############..# # #..# # #..# #
#..# # ###########..# #
######............# #
#......####.###...##############
#....'##โ‰ˆโ‰ˆ###โ‰ˆ#.................


You could see an orc priest and an orc wizard.

Vanquished Creatures
  2 ogres
  A phantom (D:5)
  2 crimson imps
  6 worker ants
  Jessica (D:2)
  Terence (D:2)
  11 adders
  2 gnolls (D:5)
  An inept item mimic (D:2)
  A worm (D:3)
  2 grey rats
  4 giant geckos
  3 orcs
  9 ball pythons
  9 bats
  10 hobgoblins
  4 jackals
  8 kobolds
  6 giant cockroaches
  5 giant newts
  10 goblins
  A kobold skeleton (D:5)
  24 rats
123 creatures vanquished.

Vanquished Creatures (others)
  A giant frog (Sewer)
  An orc priest (D:5)
  2 gnolls (D:5)
  An adder (D:2)
  An ooze (Sewer)
  2 orcs (D:5)
  2 ball pythons (Sewer)
  4 grey rats (Sewer)
  6 jackals
  A giant newt (Sewer)
  2 rats (Sewer)
23 creatures vanquished.

Grand Total: 146 creatures vanquished

Notes
Turn   | Place    | Note
--------------------------------------------------------------
     0 | D:1      | Chiseanne, the Draconian Healer, began the quest for the Orb.
     0 | D:1      | Reached XP level 1. HP: 17/17 MP: 2/2
   826 | D:1      | Reached XP level 2. HP: 15/24 MP: 4/4
   841 | D:1      | Paralysed by a potion of paralysis for 2 turns
  1715 | D:1      | Reached XP level 3. HP: 26/29 MP: 6/6
  2535 | D:2      | Noticed Terence
  2564 | D:2      | Killed Terence
  2564 | D:2      | Reached XP level 4. HP: 13/34 MP: 8/8
  2918 | D:2      | Noticed Jessica
  2964 | D:2      | Killed Jessica
  3229 | D:2      | Found a burning altar of Makhleb.
  3229 | D:2      | Found a radiant altar of Vehumet.
  3672 | D:3      | Reached XP level 5. HP: 27/39 MP: 10/10
  3770 | D:3      | Noticed hurdos' ghost (average DECj)
  5108 | D:4      | Reached skill level 5 in Invocations
  5283 | D:4      | Noticed an ogre
  5307 | D:4      | Killed an ogre
  5307 | D:4      | Reached skill level 5 in Dodging
  5307 | D:4      | Reached XP level 6. HP: 36/47 MP: 12/12
  5525 | D:4      | Found a glowing drain.
  5530 | Sewer    | Entered a sewer
  6297 | Sewer    | Acquired Elyvilon's third power
  6921 | D:4      | Found a blossoming altar of Fedhas.
  6980 | D:4      | Your scales start taking on a rich purple colour.
  6980 | D:4      | Reached XP level 7. HP: 54/54 MP: 14/14
  7015 | D:5      | Entered Level 5 of the Dungeon
  7236 | D:5      | Reached skill level 6 in Dodging
  7897 | D:5      | Noticed a wyvern
  7899 | D:5      | Pacified a wyvern
  7913 | D:5      | Noticed Prince Ribbit
  7916 | D:5      | Pacified Prince Ribbit
  7916 | D:5      | Reached skill level 1 in Shields
  7961 | D:5      | Found a staircase to the Ecumenical Temple.
  7999 | Temple   | Entered the Ecumenical Temple
  8135 | D:5      | Reached XP level 8. HP: 36/61 MP: 17/17
  8156 | D:5      | Learned a level 1 spell: Magic Dart
  8515 | D:4      | HP: 1/61 [orc wizard/magic dart (5)]
  8516 | D:4      | Killed from afar by an orc priest

Action                   |  1- 3 |  4- 6 |  7- 9 || total
-------------------------+-------+-------+-------++-------
Melee: Unarmed           |    52 |       |       ||    52
       Club              |    99 |       |       ||    99
       Hand axe          |    80 |   111 |       ||   191
       Long sword        |       |   206 |   112 ||   318
 Fire: Blowgun           |       |     9 |    24 ||    33
Throw: Dart              |     7 |    23 |     3 ||    33
Invok: Lesser Healing    |    16 |    38 |    39 ||    93
       Greater Healing   |       |       |     4 ||     4
 Abil: Breathe Dispellin |       |       |     4 ||     4
  Use: Potion            |     4 |     9 |     5 ||    18
       Scroll            |       |     4 |       ||     4
